 Dungeon Crawl Stone Soup version 0.17-a0-2093-gc772f4b (webtiles) character file.

308 derrpe the Cutter (level 6, -13/41 HPs)
             Began as a Halfling Skald on Oct 16, 2015.
             Mangled by an ogre
             ... wielding a +0 giant spiked club
              (19 damage)
             ... on level 4 of the Dungeon.
             The game lasted 00:07:06 (4286 turns).

derrpe the Cutter (Halfling Skald)                  Turns: 4286, Time: 00:07:06

Health: -13/41     AC:  7    Str: 12    XL:     6   Next: 68%
Magic:  9/17       EV: 13    Int: 13    God:
Gold:   188        SH:  0    Dex: 14    Spells: 3 memorised, 2 levels left

rFire  . . .     SeeInvis .     a - +2 short sword (drain)
rCold  . . .     Clarity  .     q - +0 leather armour {rPois}
rNeg   . . .     SustAt   .     (shield restricted)
rPois  +         Gourm    .     p - +1 helmet
rElec  .         Spirit   .     r - +0 cloak
rCorr  .         Warding  .     (no gloves)
rMut   .         Stasis   .     t - +0 pair of boots
MR     .....                    (no amulet)
Stlth  +.........               (no ring)
                                j - ring of magical power

@: infused, very slightly contaminated, not resistant to hostile enchantments,
very unstealthy
A: mutation resistance 1
a: no special abilities


You were on level 4 of the Dungeon.
You were not hungry.

You visited 1 branch of the dungeon, and saw 4 of its levels.

You collected 188 gold pieces.

Inventory:

Hand Weapons
 a - a +2 short sword of draining (weapon)
 b - a +0 hunting sling
Missiles
 f - 158 stones (quivered)
 w - a throwing net
Armour
 k - a +0 buckler
 p - a +1 helmet (worn)
 q - a +0 leather armour of poison resistance (worn)
 r - a +0 cloak (worn)
 t - a +0 pair of boots (worn)
Jewellery
 j - a ring of magical power (left hand)
Scrolls
 e - 5 scrolls of teleportation
 g - 3 scrolls of identify {unknown}
 i - 4 scrolls of remove curse {unknown}
 n - 3 scrolls of recharging {unknown}
 o - a scroll of blinking {unknown}
 y - a scroll of immolation {unknown}
Potions
 l - a potion of heal wounds {unknown}
 u - a potion of resistance {unknown}
 x - a potion of might {unknown}
 A - 2 potions of haste {unknown}
Books
 c - a book of Battle

   Spells                             Type                      Level
   a - Infusion                       Charms                       1
   b - Shroud of Golubria             Charms/Translocation         2
   c - Song of Slaying                Charms                       2
   d - Spectral Weapon                Hexes/Charms                 3
   e - Regeneration                   Charms/Necromancy            3
Comestibles
 d - 4 bread rations {@e1}
 h - 5 chunks of flesh {@w0}
 m - 2 meat rations {@e2}
 s - 2 fruits


   Skills:
 + Level 2.8 Fighting
 * Level 5.3 Short Blades
 + Level 3.2 Slings
 + Level 2.9 Armour
 - Level 1.1 Dodging
 - Level 1.5 Spellcasting
 + Level 4.4 Charms


You had 2 spell levels left.
You knew the following spells:

 Your Spells              Type           Power        Failure   Level  Hunger
a - Infusion              Chrm           ##....       8%          1    ##.....
b - Shroud of Golubria    Chrm/Tloc      #.........   21%         2    ###....
c - Regeneration          Chrm/Necr      #.........   41%         3    ####...


Dungeon Overview and Level Annotations

Branches:
Dungeon (4/15)
 Temple: D:4-7

Altars:


Innate Abilities, Weirdness & Mutations

You are small and have problems with some larger weapons.
You are somewhat resistant to further mutation.


Message History

Unknown command.
Unknown command.
Casting: Shroud of Golubria
Confirm with . or Enter, or press ? or * to list all spells.
You begin infusing your attacks with magical energy.
You hit the ogre.
The ogre is lightly wounded.
The ogre hits you with a giant spiked club!!
You hit the ogre!
The ogre is moderately wounded.
Casting: Infusion
Confirm with . or Enter, or press ? or * to list all spells.
You miscast Shroud of Golubria.
Your hands glow momentarily.
The ogre hits you with a giant spiked club!
* * * LOW HITPOINT WARNING * * *
Unknown command.
You hit the ogre.
The ogre is heavily wounded.
The ogre hits you with a giant spiked club!!
You die...

.....).##.#..#.#.#.....#
..###..##.####.#.#..##.#
### #..........#.#... #
#.###.######.#.#.#
#.....#....(.#.#.#
########.#####.#.. #.# #
#.#####.# ..##########
#...O@..# #.#.........
######### #.##.#######
#..#.# #..#.# #..#.#
####..#.# #.......#
#...##..## # #..#


You could see an ogre.

Vanquished Creatures
  A scorpion (D:4)
  Crazy Yiuf (D:3)
  2 hounds (D:4)
  An orc priest (D:4)
  A worker ant (D:4)
  A hound skeleton (D:3)
  2 gnolls (D:4)
  An adder (D:4)
  2 oozes
  2 worms
  9 orcs
  8 bats
  2 giant cockroaches
  7 goblins
  7 hobgoblins
  4 jackals (D:2)
  A quokka (D:4)
  2 giant geckos
  2 giant newts (D:3)
  7 kobolds
  6 rats
69 creatures vanquished.

Notes
Turn   | Place    | Note
--------------------------------------------------------------
     0 | D:1      | derrpe the Halfling Skald began the quest for the Orb.
     0 | D:1      | Reached XP level 1. HP: 14/14 MP: 3/3
   299 | D:1      | Reached XP level 2. HP: 14/19 MP: 0/4
   343 | D:1      | Learned a level 2 spell: Shroud of Golubria
  1193 | D:1      | Reached XP level 3. HP: 21/24 MP: 2/5
  2380 | D:3      | Reached XP level 4. HP: 29/29 MP: 2/6
  2396 | D:3      | Learned a level 3 spell: Regeneration
  2441 | D:3      | Reached skill level 4 in Short Blades
  2596 | D:3      | Reached skill level 1 in Slings
  3091 | D:3      | Noticed Crazy Yiuf
  3181 | D:3      | Killed Crazy Yiuf
  3181 | D:3      | Reached XP level 5. HP: 33/35 MP: 7/7
  3838 | D:4      | Reached skill level 5 in Short Blades
  3838 | D:4      | Reached XP level 6. HP: 29/41 MP: 6/8
  3991 | D:4      | Noticed an ogre
  4286 | D:4      | Mangled by an ogre

Vault maps used:
D:1:      evilmike_arrival_crescent
D:3:      uniq_crazy_yiuf_cottage
D:4:      serial_shops, shop, first_bread, nemelex_dance_club_becter

Action                   |  1- 3 |  4- 6 || total
-------------------------+-------+-------++-------
Melee: Short sword       |   114 |    97 ||   211
       Unarmed           |       |     3 ||     3
Throw: Stone             |    58 |    82 ||   140
 Cast: Infusion          |    19 |    16 ||    35
       Shroud of Golubri |       |     1 ||     1
  Use: Potion            |       |     2 ||     2
       Scroll            |       |     1 ||     1
  Eat: Chunk             |     5 |     4 ||     9
       Royal jelly       |       |     1 ||     1
       Beef jerky        |       |     2 ||     2
